 Dungeon Crawl Stone Soup version 0.18-a0-270-ga9d907f (webtiles) character file.

1796 xeno23 the Gusty (level 8, -13/63 HPs)
             Began as a Demigod Air Elementalist on Nov 26, 2015.
             Mangled by an ogre
             ... wielding a +0 giant club
              (25 damage)
             ... on level 6 of the Dungeon.
             The game lasted 00:26:44 (4862 turns).

xeno23 the Gusty (Demigod Air Elementalist)         Turns: 4862, Time: 00:26:44

Health: -13/63     AC:  7    Str: 15    XL:     8   Next: 53%
Magic:  21/25      EV: 14    Int: 19    God:
Gold:   400        SH:  0    Dex: 16    Spells: 4 memorised, 5 levels left

rFire  . . .     SeeInvis .     w - +2 flail (crush)
rCold  . . .     Clarity  .     y - +2 leather armour {rPois}
rNeg   . . .     SustAt   +     (no shield)
rPois  +         Gourm    +     (no helmet)
rElec  .         Spirit   .     z - +0 cloak (curse)
rCorr  .         Warding  .     i - +0 pair of gloves
rMut   .         Stasis   .     (no boots)
MR     +....                    q - amulet of the gourmand
Stlth  ++........               p - ring of protection from magic
                                B - ring of magical power

@: swift, quick, somewhat resistant to hostile enchantments, unstealthy
A: high mp 1, sustain attributes
a: no special abilities


You were on level 6 of the Dungeon.
You were very full.

You visited 2 branches of the dungeon, and saw 7 of its levels.

You collected 400 gold pieces.

Inventory:

Hand Weapons
 a - a +0 blowgun
 r - a +0 dagger of freezing
 w - a +2 flail of crushing (weapon)
 G - a +0 falchion of draining
Missiles
 t - 20 poisoned needles
 F - 6 javelins (quivered)
Armour
 i - a +0 pair of gloves (worn)
 y - a +2 leather armour of poison resistance (worn)
 z - a cursed +0 cloak (worn)
Jewellery
 g - an uncursed ring of ice
 p - a ring of protection from magic (right hand)
 q - an amulet of the gourmand (around neck)
 B - a ring of magical power (left hand)
Wands
 A - a wand of frost (33)
Scrolls
 e - 3 scrolls of remove curse
 j - a scroll of immolation
 n - a scroll of magic mapping
 x - 4 scrolls of recharging
Potions
 h - 6 potions of flight
 k - a potion of magic {unknown}
 l - a potion of cancellation
 m - 3 potions of curing
 o - 2 potions of agility
 u - a potion of might {unknown}
 C - 3 potions of berserk rage {unknown}
 E - 2 potions of poison {unknown}
Books
 b - a book of Air

   Spells                             Type                      Level
   a - Shock                          Conjuration/Air              1
   b - Swiftness                      Charms/Air                   2
   c - Repel Missiles                 Charms/Air                   2
   d - Static Discharge               Conjuration/Air              3
   e - Lightning Bolt                 Conjuration/Air              5
 f - a book of Unlife

   Spells                             Type                      Level
   a - Recall                         Summoning/Translocation      3
   b - Animate Dead                   Necromancy                   4
   c - Control Undead                 Necromancy                   4
   d - Cigotuvi's Embrace             Necromancy                   5
   e - Death Channel                  Necromancy                   6
   f - Simulacrum                     Ice/Necromancy               6
Comestibles
 c - 5 bread rations
 d - 3 meat rations
 s - 5 fruits
 v - 2 beef jerkies
 D - 2 chunks of flesh


   Skills:
 + Level 3.1 Fighting
 + Level 3.6 Armour
 + Level 3.9 Dodging
 - Level 1.7 Stealth
 + Level 3.4 Spellcasting
 * Level 5.3 Conjurations
 * Level 6.1 Air Magic


You had 5 spell levels left.
You knew the following spells:

 Your Spells              Type           Power        Failure   Level  Hunger
a - Shock                 Conj/Air       ###.         1%          1    None
b - Swiftness             Chrm/Air       ##......     10%         2    ##.....
q - Static Discharge      Conj/Air       ###.....     6%          3    ###....
r - Repel Missiles        Chrm/Air       ##....       10%         2    ##.....


Dungeon Overview and Level Annotations

Branches:
Dungeon (6/15)             Temple (1/1) D:5

Annotations:
D:3 nublet's ghost, amateur DDFi


Innate Abilities, Weirdness & Mutations

You have an increased reservoir of magic (+10% MP).
Your attributes are resistant to harm.


Message History

Casting: Shock
Confirm with . or Enter, or press ? or * to list all spells.
Aiming: Shock
Press: ? - help, Shift-Dir - straight line, f/p - ogre
Aim: an ogre, wielding a giant club (moderately wounded)
The zap hits the ogre.
The ogre is heavily wounded.
You barely miss the ogre.
The ogre is heavily wounded.
The ogre hits you with a giant club.
You take 6 damage.
You hit the ogre.
The ogre is severely wounded.
The ogre hits you with a giant club!!
* * * LOW HITPOINT WARNING * * *
You take 29 damage.
Casting: Shock
Confirm with . or Enter, or press ? or * to list all spells.
You feel quick. The ogre hits you with a giant club!!
You die...

####.######.. ##......
#...# #.# ....... #...# #.#
####...# #...# #.# #.##
#...# #.# ##
#...#####.#####.# .
#..†............# ##
.#.###...#####O##.### ...
.............@..#.#######..
....................<#...
................#.##.#.#
...###...#####.##.##...#
.......... ..##......# #
####...## #.........# #
#..?# #.#####..## # #...#
#........#### # #...#
#####.......# #


You could see an ogre.

Vanquished Creatures
  Edmund (D:4)
  A black bear (D:5)
  A phantom (D:5)
  A sky beast (D:5)
  An ogre (D:4)
  An ice beast (D:5)
  3 big kobolds (D:6)
  A giant frog (D:4)
  2 scorpions (D:5)
  3 electric eels (D:6)
  A crimson imp (D:5)
  A giant frog zombie (D:6)
  A jelly (D:5)
  An orc priest (D:4)
  3 hounds
  4 orc wizards
  4 worker ants
  10 adders
  9 gnolls
  An ooze (D:5)
  2 worms
  3 giant geckos (D:4)
  10 orcs
  8 bats
  2 bat zombies (D:2)
  6 giant cockroaches
  32 hobgoblins
  8 jackals
  A ball python (D:1)
  8 giant newts
  32 goblins
  4 kobolds
  4 quokkas
  8 rats
  2 rat zombies (D:2)
180 creatures vanquished.

Notes
Turn   | Place    | Note
--------------------------------------------------------------
     0 | D:1      | xeno23 the Demigod Air Elementalist began the quest for the Orb.
     0 | D:1      | Reached XP level 1. HP: 14/14 MP: 5/5
    53 | D:1      | Reached skill level 1 in Conjurations
   174 | D:1      | Reached XP level 2. HP: 11/20 MP: 0/7
   235 | D:1      | Reached skill level 3 in Air Magic
   282 | D:1      | Learned a level 2 spell: Swiftness
   333 | D:1      | Reached skill level 1 in Armour
   525 | D:2      | Reached XP level 3. HP: 20/26 MP: 5/8
   631 | D:2      | Found an ancient bone altar of Kikubaaqudgha.
   655 | D:2      | You fall through a shaft!
  1244 | D:3      | Reached XP level 4. HP: 25/34 MP: 6/9
  1320 | D:3      | Noticed nublet's ghost (amateur DDFi)
  1336 | D:3      | Learned a level 3 spell: Static Discharge
  1523 | D:3      | Found a faded altar to an unknown god.
  1918 | D:3      | Reached skill level 1 in Fighting
  2047 | D:3      | Reached XP level 5. HP: 40/40 MP: 6/10
  2127 | D:4      | Reached skill level 4 in Air Magic
  2261 | D:4      | Found a white marble altar of Elyvilon.
  2289 | D:4      | Noticed an ogre
  2298 | D:4      | Killed an ogre
  2298 | D:4      | Reached XP level 6. HP: 47/47 MP: 5/12
  2524 | D:4      | Noticed Edmund
  2734 | D:4      | Found a basalt altar of Yredelemnul.
  2734 | D:4      | Found a snail-covered altar of Cheibriados.
  2887 | D:5      | Entered Level 5 of the Dungeon
  2938 | D:5      | Reached XP level 7. HP: 50/55 MP: 7/13
  2942 | D:5      | Learned a level 2 spell: Repel Missiles
  3170 | D:5      | Reached skill level 5 in Air Magic
  3194 | D:5      | Found a staircase to the Ecumenical Temple.
  3206 | Temple   | Entered the Ecumenical Temple
  3600 | D:4      | Killed Edmund
  3600 | D:4      | Reached XP level 8. HP: 24/62 MP: 0/15
  4447 | D:6      | Reached skill level 5 in Conjurations
  4635 | D:6      | Reached skill level 6 in Air Magic
  4862 | D:6      | Mangled by an ogre

Vault maps used:
D:1:      roderic_crossed_star
D:2:      lemuel_zombie_altar_kikubaaqudgha
D:3:      first_bread, ecumenical_altar_1
D:4:      nicolae_overflow_hidden_temple, amethyst_overflow_temple_binary,
          kennysheep_generic_room_15, uniq_edmund
D:5:      kennysheep_six_static_rooms, minmay_temple_entry_metal_lava
D:6:      minmay_goblin_kobold_castle, overflow_temple_1_default
Temple:   circular_temple_12

Action                   |  1- 3 |  4- 6 |  7- 9 || total
-------------------------+-------+-------+-------++-------
Melee: Unarmed           |    23 |       |       ||    23
       Flail             |    36 |    64 |   112 ||   212
       Dagger            |       |       |    86 ||    86
 Fire: Blowgun           |       |     3 |    25 ||    28
 Cast: Shock             |    79 |   116 |    99 ||   294
       Static Discharge  |       |       |    20 ||    20
       Repel Missiles    |       |       |     1 ||     1
       Swiftness         |       |       |     1 ||     1
  Use: Scroll            |     1 |     9 |       ||    10
 Stab: Sleeping          |       |     1 |     6 ||     7
  Eat: Chunk             |     3 |    15 |     8 ||    26
